 Dungeon Crawl Stone Soup version 0.27.1-2-g3b301248ec (webtiles) character file.

Game seed: 3896042653535164823

1240 raph the Arsonist (level 8, -4/36 HPs)
             Began as a Deep Elf Fire Elementalist on Sept 26, 2021.
             Was a Follower of Hepliaklqana.
             Shot with an arrow by a centaur (9 damage)
             ... on level 5 of the Dungeon.
             The game lasted 00:12:48 (6573 turns).

raph the Arsonist (Deep Elf Fire Elementalist)      Turns: 6573, Time: 00:12:48

Health: -4/36      AC:  4    Str:  6    XL:     8   Next: 25%
Magic:  4/16       EV: 13    Int: 22    God:    Hepliaklqana [*.....]
Gold:   250        SH:  0    Dex: 15    Spells: 2/15 levels left

rFire    . . .     SeeInvis +   c - +0 short sword
rCold    . . .     Faith    .   (no shield)
rNeg     . . .     Spirit   .   a - +0 robe
rPois    +         Reflect  .   (no helmet)
rElec    .         Harm     .   p - +1 cloak
rCorr    .         Rampage  .   (no gloves)
Will     .....                  (no boots)
Stlth    ++........             (no amulet)
HPRegen  0.12/turn              o - ring of poison resistance
MPRegen  0.15/turn              i - ring of see invisible

@: no status effects
A: reduced essence
a: Renounce Religion, Recall Ancestor, Ancestor Identity


You were on level 5 of the Dungeon.
You worshipped Hepliaklqana.
Hepliaklqana was aware of your devotion.
You visited 2 branches of the dungeon, and saw 6 of its levels.

You collected 250 gold pieces.

Inventory:

Hand Weapons
 c - a +0 short sword (weapon)
 e - a +0 rapier
Missiles
 h - 2 throwing nets
Armour
 a - a +0 robe (worn)
 p - a +1 cloak (worn)
Jewellery
 i - a ring of see invisible (right hand)
 o - a ring of poison resistance (left hand)
Wands
 f - a wand of flame (20)
 t - a wand of acid (8)
Scrolls
 b - 2 scrolls of teleportation
 m - a scroll of blinking
Potions
 g - a potion of might
 j - 2 potions of flight
 k - 3 potions of curing
 l - a potion of berserk rage
 n - 3 potions of mutation {unknown}
 q - 2 potions of heal wounds {unknown}
 r - 3 potions of brilliance {unknown}
 s - 2 potions of lignification {unknown}


   Skills:
 - Level 3.3 Dodging
 - Level 3.4 Stealth
 - Level 4.0 Spellcasting
 + Level 7.2 Conjurations
 + Level 8.0 Fire Magic


You had 2 spell levels left.
You knew the following spells:

 Your Spells              Type           Power      Damage    Failure   Level
a - Foxfire               Conj/Fire      100%       2x1d9     1%          1
b - Conjure Flame         Conj/Fire      37%        6-21      1%          3
c - Sticky Flame          Conj/Fire      37%        2d6       4%          4
d - Fireball              Conj/Fire      18%        3d9       14%         5

Your spell library contained the following spells:

 Spells                   Type           Power      Damage    Failure   Level
 Magic Dart               Conj           100%       1d8       1%          1
 Searing Ray              Conj           72%        3d6       1%          2
 Static Discharge         Conj/Air       20%        N/A       3%          2
 Corona                   Hex            4%         N/A       11%         1
 Ensorcelled Hibernation  Hex/Ice        8%         N/A       17%         2
 Slow                     Hex            4%         N/A       17%         2
 Inner Flame              Hex/Fire       22%        N/A       6%          3
 Fulminant Prism          Conj/Hex       10%        3d9       26%         4
 Confusing Touch          Hex            4%         N/A       32%         3
 Ozocubu's Armour         Ice            4%         N/A       32%         3
 Tukima's Dance           Hex            4%         N/A       32%         3
 Vampiric Draining        Necr           2%         2d6       32%         3
 Dispel Undead            Necr           4%         3d7       73%         4
 Ozocubu's Refrigeration  Ice            2%         4d5       100%        7


Dungeon Overview and Level Annotations

Branches:
Dungeon (5/15)             Temple (1/1) D:4

Altars:
Ashenzari
Dithmenos
Elyvilon
Fedhas
Gozag
Hepliaklqana
Kikubaaqudgha
Nemelex Xobeh
Okawaru
Qazlal
Trog
Uskayaw
Vehumet
Xom
Yredelemnul
Zin
The Shining One


Message History

Confirm with . or Enter, or press ? or * to list all spells.
You conjure some foxfire!
The foxfire hits the wraith but does no damage.
The wraith is moderately damaged.
The foxfire hits the wraith but does no damage.
The wraith is moderately damaged.
The wraith hits you!
Djefatnebti barely misses the wraith.
Casting: Foxfire (safe; 1% risk of failure)
Confirm with . or Enter, or press ? or * to list all spells.
You conjure some foxfire!
The foxfire hits the wraith.
The wraith is moderately damaged.
The foxfire hits the wraith.
The wraith is moderately damaged.
The wraith closely misses you.
Djefatnebti hits the wraith but does no damage.
You closely miss the wraith.
The wraith is moderately damaged.
The foxfire hits the wraith but does no damage.
The wraith is moderately damaged.
The foxfire hits the wraith.
The wraith is heavily damaged.
The wraith hits you!
* * * LOW HITPOINT WARNING * * *
Djefatnebti completely misses the wraith.
The wraith hits you.
* * * LOW HITPOINT WARNING * * *
Okay, then.
Blink to where?
Press: ? - help, Dir - move target, p - wraith
As you read the scroll of blinking, it crumbles to dust.
Djefatnebti hits the wraith.
The wraith hits Djefatnebti.
Casting: Foxfire (safe; 1% risk of failure)
Confirm with . or Enter, or press ? or * to list all spells.
The fire begins to smoulder!
Djefatnebti barely misses the wraith.
The wraith barely misses Djefatnebti.
The fire ignites!
A centaur comes into view.
The centaur wields a +0 shortbow.
The centaur shoots an arrow.
The arrow hits you!
You die...

#...####..|.........#
#.#.##..............#
#.................§.#
#..##......##.##....# ######
#..###....###.##....###.....
#...###..###..##......#.####
#....######...##......#.#
##....# #....##......#.#
#....# #.@..####....#.#
#...######.............#
#..###..###....♣♣♣♣♣♣♣.#
#.###..^.###.........R.###
#.##......##...♣.♣♣♣.♣.....
#............#c♣.....♣.....
####.#########.♣.._..♣.....
#.# .♣.....♣.....
#.#########.♣.♣♣♣.♣.....


You could see a centaur.

Vanquished Creatures
  Sigmund (D:2)
  A black bear (D:5)
  An ice beast (D:5)
  An ogre (D:5)
  A centaur (D:5)
  A scorpion (D:5)
  3 water moccasin skeletons (D:5)
  A howler monkey (D:5)
  2 jellies
  Crazy Yiuf (D:2)
  3 iguanas (D:5)
  Terence (D:2)
  An orc wizard (D:5)
  A hound zombie (D:5)
  A hound skeleton (D:3)
  6 adders
  An ufetubus (D:5)
  A dart slug (D:2)
  6 orcs
  7 ball pythons
  5 endoplasms
  7 giant cockroaches
  9 goblins
  5 hobgoblins
  2 quokkas
  10 bats
  4 frilled lizards
  10 kobolds
  5 rats
98 creatures vanquished.

Vanquished Creatures (collateral kills)
  A scorpion (D:5)
  A hound (D:5)
  A jelly (D:5)
3 creatures vanquished.

Vanquished Creatures (others)
  265 foxfires
265 creatures vanquished.

Grand Total: 366 creatures vanquished

Notes
Turn   | Place    | Note
-------+----------+-------------------------------------------
     0 | D:1      | raph the Deep Elf Fire Elementalist began the quest for the
                  | Orb.
     0 | D:1      | Reached XP level 1. HP: 10/10 MP: 6/6
   335 | D:1      | Found a faded altar of an unknown god.
   499 | D:1      | Reached XP level 2. HP: 15/15 MP: 4/8
  1322 | D:2      | Reached XP level 3. HP: 19/19 MP: 7/9
  1326 | D:2      | Learned a level 3 spell: Conjure Flame
  1443 | D:2      | Noticed Sigmund
  1455 | D:2      | Killed Sigmund
  1456 | D:2      | Reached skill level 4 in Fire Magic
  1456 | D:2      | Reached XP level 4. HP: 7/24 MP: 1/12
  1456 | D:2      | Reached XP level 5. HP: 8/28 MP: 1/13
  1667 | D:2      | Learned a level 4 spell: Sticky Flame
  1730 | D:2      | Noticed Terence
  1746 | D:2      | Killed Terence
  2329 | D:2      | Found a runed translucent door.
  2330 | D:2      | Noticed Crazy Yiuf
  2341 | D:2      | Killed Crazy Yiuf
  2342 | D:2      | Reached skill level 5 in Fire Magic
  2342 | D:2      | Reached XP level 6. HP: 13/32 MP: 6/14
  2730 | D:3      | Found an opulent altar of Gozag.
  3064 | D:3      | Learned a level 5 spell: Fireball
  3794 | D:3      | Found a stormy altar of Qazlal.
  3969 | D:4      | Found a staircase to the Ecumenical Temple.
  3978 | Temple   | Entered the Ecumenical Temple
  4138 | Temple   | Became a worshipper of Hepliaklqana the Forgotten
  4560 | D:4      | Found a broken altar of Ashenzari.
  4570 | D:4      | Found a blossoming altar of Fedhas.
  4570 | D:4      | Found a bloodstained altar of Trog.
  4571 | D:4      | Found a white marble altar of Elyvilon.
  4572 | D:4      | Found a glowing silver altar of Zin.
  4826 | D:5      | Entered Level 5 of the Dungeon
  4914 | D:5      | Reached skill level 5 in Conjurations
  4914 | D:5      | Reached skill level 6 in Fire Magic
  4914 | D:5      | Reached XP level 7. HP: 30/36 MP: 3/15
  5537 | D:5      | Reached skill level 7 in Fire Magic
  5550 | D:5      | Noticed a wraith
  5575 | D:5      | Reached XP level 8. HP: 26/41 MP: 2/16
  5741 | D:5      | Reached * piety under Hepliaklqana
  6432 | D:5      | Found an iron altar of Okawaru.
  6447 | D:5      | Reached skill level 8 in Fire Magic
  6573 | D:5      | Shot with an arrow by a centaur

Illustrated notes

Levels and vault maps discovered:
D:1:      dpeg_arrival_radiant, layout_basic, hellmonk_ecumenical_altar_lost_god
D:2:      layout_rooms, kennysheep_generic_room_4, uniq_sigmund, uniq_terence,
          uniq_crazy_yiuf_cottage
D:3:      layout_loops_ring, grunt_gozag_statues, mainiacjoe_overflow_24_doors,
          skrybe_limestone_x, minmay_misc_feat_pillars, nrook_loot_triangle,
          nicolae_underground_beach
D:4:      layout_cave_pools, minitemple, minmay_temple_entry_statues_fountains
D:5:      minmay_razor_zed, layout_basic, mainiacjoe_overflow_cross_hatched,
          gup_sewer_entry_glass, st_stairs_6, minivault_19
Temple:   compressed_dpeg_triangle_lava_temple

Skill      XL: |  1  2  3  4  5  6  7  8 |
---------------+-------------------------+-----
Conjurations   | 2 3 5 6 7 |  7.2
Dodging        | 3 |  3.3
Stealth        | 3 |  3.4
Spellcasting   | 4 |  4.0
Fire Magic     | 4 5 6 7 8 |  8.0

Action                   |  1- 3 |  4- 6 |  7- 9 || total
-------------------------+-------+-------+-------++-------
Melee: Short sword       |     7 |    14 |     9 ||    30
 Cast: Foxfire           |    56 |    69 |    44 ||   169
       Sticky Flame      |       |    12 |    10 ||    22
       Conjure Flame     |       |     3 |     4 ||     7
  Use: Scroll            |       |     8 |     6 ||    14
       Potion            |       |     1 |       ||     1
 Stab: Sleeping          |       |       |     1 ||     1
Armor: Robe              |     8 |     6 |    11 ||    25
Dodge: Dodged            |    11 |    29 |    33 ||    73
